 Dungeon Crawl Stone Soup version 0.26-b1-32-g5d43845318 (webtiles) character file.

Game seed: 12969820262949954086

15663 Arthanis the Arsonist (level 12, 0/62 HPs)
             Began as a Deep Elf Fire Elementalist on Jan 12, 2021.
             Was an Elder of Vehumet.
             Killed by nerve-wracking pain
             ... invoked by an orc priest
              (6 damage)
             ... on level 11 of the Dungeon.
             The game lasted 00:26:50 (12953 turns).

Arthanis the Arsonist (Deep Elf Fire Elementalist) Turns: 12953, Time: 00:26:50

Health: 0/62       AC:  9    Str:  5    XL:     12   Next: 3%
Magic:  8/30       EV: 15    Int: 30    God:    Vehumet [****..]
Gold:   513        SH:  0    Dex: 20    Spells: 21/36 levels left

rFire    + . .     SeeInvis +   S - +7 rapier of Kuvoebuf {drain, rC+ Int+2 Dex+5}
rCold    + . .     Faith    .   (no shield)
rNeg     . . .     Spirit   .   N - +1 robe {rF+}
rPois    +         Reflect  .   b - +3 crown of Dyrovepreva {rElec Int+2 SInv}
rElec    +         Harm     .   w - +1 cloak {rPois}
rCorr    .         Rampage  .   m - +0 pair of gloves
Will     +....                  (no boots)
Stlth    +++.......             p - amulet of magic regeneration
HPRegen  0.20/turn              L - ring of poison resistance
MPRegen  0.47/turn              (no ring)

@: about to teleport
A: no striking features
a: Renounce Religion


You were on level 11 of the Dungeon.
You worshipped Vehumet.
Vehumet was greatly pleased with you.
You visited 2 branches of the dungeon, and saw 12 of its levels.
You also visited: Sewer.

You collected 748 gold pieces.
You spent 235 gold pieces at shops.

Inventory:

Hand Weapons
 u - a +0 flail
 y - a +0 club
 A - a +3 quarterstaff of chaos
 C - a +5 flail of protection
 K - a cursed +2 short sword of freezing
 P - a +0 spear
 Q - a +2 halberd of venom
 S - the +7 rapier of Kuvoebuf (weapon) {drain, rC+ Int+2 Dex+5}
   (You found it on level 9 of the Dungeon)

   A truly terrible weapon, it drains the life of those it strikes.
   It affects your intelligence (+2).
   It affects your dexterity (+5).
   It protects you from cold.
Armour
 b - the +3 crown of Dyrovepreva (worn) {rElec Int+2 SInv}
   (You found it on level 10 of the Dungeon)

   It affects your intelligence (+2).
   It insulates you from electricity.
   It lets you see invisible.
 e - a +2 robe of cold resistance
 m - a +0 pair of gloves (worn)
 t - the cursed +1 robe "Uwuogi Dom" {*Slow Will++ Str+5}
   (You bought it in a shop on level 4 of the Dungeon)

   It affects your strength (+5).
   It affects your willpower, your defense against some magical effects.
   It may slow you when you take damage.
   It has a curse placed upon it.
 w - a +1 cloak of poison resistance (worn)
 J - the +0 robe "Voederemp" {Dex+5}
   (You found it on level 6 of the Dungeon)

   It affects your dexterity (+5).
 M - the +6 tower shield "Setoseop" {rF+ rCorr Str-3 Dex+4, unknown}
   (You found it on level 7 of the Dungeon)

   It affects your strength (-3).
   It affects your dexterity (+4).
   It protects you from fire.
   It provides partial protection from all sources of acid and corrosion.
 N - a +1 robe of fire resistance (worn)
 Y - a +2 hat of intelligence
Jewellery
 p - an amulet of magic regeneration (around neck)
 v - an uncursed amulet of the acrobat
 L - a ring of poison resistance (left hand)
Wands
 a - a wand of digging (5)
 h - a wand of disintegration (10)
 B - a wand of iceblast (1)
 D - a wand of paralysis (10)
 O - a wand of random effects (18)
 V - a wand of polymorph (13)
Scrolls
 j - 9 scrolls of remove curse
 k - 2 scrolls of magic mapping
 s - a scroll of fog
 z - a scroll of fear
 E - 2 scrolls of teleportation
 H - 2 scrolls of random uselessness {unknown}
 I - a scroll of amnesia {unknown}
 R - a scroll of enchant weapon {unknown}
 W - a scroll of immolation {unknown}
Potions
 c - a potion of resistance {unknown}
 d - 3 potions of haste {unknown}
 f - a potion of might {unknown}
 g - 4 potions of magic
 i - a potion of flight {unknown}
 l - 5 potions of heal wounds {unknown}
 o - 3 potions of degeneration {unknown}
 q - 4 potions of lignification {unknown}
 r - 2 potions of brilliance {unknown}
 x - 3 potions of cancellation {unknown}
 G - 3 potions of curing {unknown}
 T - a potion of berserk rage {unknown}
 U - a potion of ambrosia {unknown}
 X - 2 potions of attraction {unknown}


   Skills:
 - Level 2.0 Fighting
 - Level 4.0 Dodging
 - Level 3.0 Stealth
 + Level 12.5 Spellcasting
 + Level 10.4 Conjurations
 * Level 14.6 Fire Magic
 - Level 2.1 Evocations


You had 21 spell levels left.
You knew the following spells:

 Your Spells              Type           Power        Failure   Level
a - Foxfire               Conj/Fire      100%         0%          1
b - Conjure Flame         Conj/Fire      76%          1%          3
c - Sticky Flame          Conj/Fire      76%          1%          4
d - Fireball              Conj/Fire      38%          1%          5
e - Shock                 Conj/Air       100%         1%          1
f - Magic Dart            Conj           100%         1%          1

Your spell library contained the following spells:

 Spells                   Type           Power        Failure   Level
 Yara's Violent Unravell  Hex/Tmut       9%           19%         5
 Inner Flame              Hex/Fire       58%          1%          3
 Mephitic Cloud           Conj/Pois/Air  39%          1%          3
 Animate Skeleton         Necr           36%          2%          1
 Pain                     Necr           72%          2%          1
 Poisonous Vapours        Pois/Air       36%          4%          2
 Vampiric Draining        Necr           9%           9%          3
 Freezing Cloud           Conj/Ice/Air   19%          24%         6
 Animate Dead             Necr           9%           26%         4
 Agony                    Necr           18%          58%         5


Dungeon Overview and Level Annotations

Branches:
Dungeon (11/15)            Temple (1/1) D:6            Lair (0/6) D:8
  Sewer (visited)
    Orc: D:9-12

Altars:
Ashenzari
Cheibriados
Dithmenos
Elyvilon
Fedhas
Gozag
Hepliaklqana
Kikubaaqudgha
Makhleb
Nemelex Xobeh
Okawaru
Qazlal
Ru
Sif Muna
Uskayaw
Vehumet
Xom
Yredelemnul
Zin
The Shining One

Shops:
D:4 ((:[   D:8 *

Annotations:
D:6 3 runed translucent doors, Mgcat's ghost, novice HOFi; Yorgos's ghost, novice FoFi


Message History

You kill the orc!
Vehumet accepts your kill.
You feel your power returning.
The foxfire hits the orc warrior.
The orc warrior is moderately wounded.
The orc warrior misses you.
Things that are here:
a +0 short sword; a +0 scale mail; an orc corpse The orc warrior throws a boomerang.
The boomerang hits you!
* * * LOW HITPOINT WARNING * * *
The weapon returns to the orc warrior!
The orc warrior throws a boomerang.
The boomerang hits you!
* * * LOW HITPOINT WARNING * * *
The weapon returns to the orc warrior!
You see here a boulder beetle corpse.
An orc and an orc priest come into view.
As you read the scroll of teleportation, it crumbles to dust.
You feel strangely unstable.
The orc priest invokes the aid of Beogh against you.
Pain shoots through your body!
You die...

...# ..# ...# ..# #..#
.######.# ...# ..YYY...#
#+## ##.# #.# #...# ##.#
##†# #..... ...# ##.†#
#......
..###########..†####.......
...............†@..'.......
..###########...##.#.......
.## ##.o##†##...>.. ##
#..##.# #..... # #..##o#
#...# ######## #.o##.# #+##
.......# #.....# ..####(#
##.#### ≈..# #.# #.#


You could see an orc priest and an orc (wandering).

Vanquished Creatures
  Gastronok (D:9)
  A boulder beetle (D:11)
  A two-headed ogre (D:9)
  An unseen horror (D:11)
  3 manticores
  Psyche (D:10)
  A gargoyle (D:10)
  Maggie (D:7)
  4 trolls
  A vampire (D:5)
  3 wraiths
  2 water elementals (D:11)
  6 yaks (D:11)
  A basilisk (D:11)
  Grum (D:9)
  A steam dragon (D:6)
  Menkaure (D:4)
  Edmund (D:5)
  5 water moccasins
  5 sky beasts
  5 orc warriors
  2 ice beasts
  2 black bears
  5 phantoms
  An eye of draining (D:9)
  6 ogres
  3 wolves (D:9)
  9 centaurs
  Blork the orc (D:4)
  5 bullfrogs
  A gnoll sergeant (D:7)
  3 scorpions
  A wyvern skeleton (D:8)
  3 killer bees (D:7)
  8 wights
  An electric eel (D:11)
  6 howler monkeys
  2 quasits (D:7)
  2 bullfrog zombies
  3 jellies
  2 orc priests
  Crazy Yiuf (D:4)
  2 bullfrog skeletons (D:7)
  10 hounds
  2 gnoll shamans
  A centaur skeleton (D:8)
  2 iguanas
  11 orc wizards
  8 worker ants
  A hound zombie (D:7)
  2 hound skeletons
  A howler monkey zombie (D:5)
  Robin (D:4)
  4 worker ant zombies
  17 gnolls
  A howler monkey skeleton (D:6)
  19 adders
  A shadow imp (D:7)
  2 ufetubi
  3 worms
  7 dart slugs
  7 leopard geckos
  25 orcs
  9 bats
  A bat zombie (D:8)
  15 giant cockroaches
  13 goblins
  17 hobgoblins
  3 jackals (D:6)
  6 quokkas
  3 ball pythons
  12 frilled lizards
  3 kobolds
  A leopard gecko skeleton (D:5)
  7 rats
  A rat zombie (D:8)
331 creatures vanquished.

Vanquished Creatures (others)
  1566 foxfires
  4 withered plants (D:6)
1570 creatures vanquished.

Grand Total: 1901 creatures vanquished

Notes
Turn   | Place    | Note
-------+----------+-------------------------------------------
     0 | D:1      | Arthanis the Deep Elf Fire Elementalist began the quest for
                  | the Orb.
     0 | D:1      | Reached XP level 1. HP: 10/10 MP: 6/6
   261 | D:1      | Reached XP level 2. HP: 15/15 MP: 2/8
   578 | D:1      | Reached skill level 4 in Fire Magic
   738 | D:1      | Reached XP level 3. HP: 19/19 MP: 5/10
   747 | D:1      | Learned a level 3 spell: Conjure Flame
  1642 | D:2      | Reached XP level 4. HP: 24/24 MP: 3/11
  1647 | D:2      | Learned a level 4 spell: Sticky Flame
  1726 | D:2      | Found a sacrificial altar of Ru.
  1780 | D:2      | Found a faded altar of an unknown god.
  3006 | D:3      | Found a glowing silver altar of Zin.
  3018 | D:3      | Found a basalt altar of Yredelemnul.
  3021 | D:3      | Reached skill level 5 in Fire Magic
  3166 | D:3      | Found a hide-covered altar of Uskayaw.
  3169 | D:3      | Found a stormy altar of Qazlal.
  3247 | D:3      | Found an opulent altar of Gozag.
  3257 | D:3      | Found a snail-covered altar of Cheibriados.
  3363 | D:4      | Reached XP level 5. HP: 28/28 MP: 8/13
  3413 | D:4      | Noticed Menkaure
  3420 | D:4      | Killed Menkaure
  3421 | D:4      | Reached skill level 5 in Spellcasting
  3421 | D:4      | Reached XP level 6. HP: 24/32 MP: 8/15
  3507 | D:4      | Found Niaqonao's Antique Armour Emporium.
  3515 | D:4      | Bought a faintly humming robe for 131 gold pieces
  3554 | D:4      | Found Hooqel's Weapon Shop.
  3554 | D:4      | Found Bitaejer's Book Shop.
  3555 | D:4      | Noticed Blork the orc
  3560 | D:4      | Killed Blork the orc
  3561 | D:4      | Reached skill level 6 in Fire Magic
  3787 | D:4      | Noticed Robin
  3792 | D:4      | Killed Robin
  3793 | D:4      | Reached XP level 7. HP: 34/36 MP: 7/17
  3795 | D:4      | Found Beak's Antique Weapon Emporium.
  3940 | D:4      | Found a runed translucent door.
  3941 | D:4      | Noticed Crazy Yiuf
  4023 | D:4      | Reached skill level 7 in Fire Magic
  4294 | D:4      | Found a sparkling altar of Nemelex Xobeh.
  4435 | D:4      | Killed Crazy Yiuf
  4541 | D:5      | Entered Level 5 of the Dungeon
  4718 | D:5      | Noticed Edmund
  4737 | D:5      | Killed Edmund
  4759 | D:5      | Reached skill level 5 in Conjurations
  4801 | D:5      | Reached XP level 8. HP: 30/41 MP: 15/19
  4851 | D:5      | Reached skill level 8 in Fire Magic
  4931 | D:5      | Found a glowing drain.
  4943 | Sewer    | Entered a sewer
  5848 | D:6      | Identified the cursed +1 robe "Uwuogi Dom" {*Slow Will++
                  | Str+5} (You bought it in a shop on level 4 of the Dungeon)
  5970 | D:6      | Got a dull robe
  6023 | D:6      | Reached skill level 9 in Fire Magic
  6043 | D:6      | Found a staircase to the Ecumenical Temple.
  6052 | Temple   | Entered the Ecumenical Temple
  6118 | Temple   | Became a worshipper of Vehumet
  6423 | D:6      | Found a runed translucent gate.
  6423 | D:6      | Found a runed translucent gate.
  6423 | D:6      | Found a runed translucent gate.
  6424 | D:6      | Noticed Mgcat's ghost (novice HOFi)
  6425 | D:6      | Noticed Yorgos's ghost (novice FoFi)
  6518 | D:6      | Found a snail-covered altar of Cheibriados.
  6541 | D:6      | Reached XP level 9. HP: 45/45 MP: 15/23
  6739 | D:7      | Reached skill level 10 in Fire Magic
  6912 | D:7      | Found a glowing golden altar of the Shining One.
  6942 | D:7      | Reached * piety under Vehumet
  6942 | D:7      | Offered knowledge of Shock by Vehumet.
  6961 | D:7      | Learned a level 5 spell: Fireball
  6963 | D:7      | Learned a level 1 spell: Shock
  7316 | D:7      | Noticed Maggie
  7328 | D:7      | Killed Maggie
  7749 | D:7      | Reached skill level 11 in Fire Magic
  7928 | D:7      | Found a runed translucent door.
  7931 | D:7      | Found a runed translucent door.
  7998 | D:7      | Offered knowledge of Magic Dart by Vehumet.
  8002 | D:7      | Reached ** piety under Vehumet
  8016 | D:7      | Learned a level 1 spell: Magic Dart
  8085 | D:7      | Noticed a troll
  8090 | D:7      | Killed a troll
  8091 | D:7      | Reached XP level 10. HP: 50/50 MP: 14/25
  8267 | D:7      | Got a shimmering tower shield
  8393 | D:7      | Found a shimmering blue altar of Sif Muna.
  8492 | D:7      | Reached skill level 10 in Spellcasting
  8729 | D:8      | Found Wison's General Store.
  8733 | D:8      | Bought a potion of magic for 104 gold pieces
  8758 | D:8      | Found a staircase to the Lair.
  8793 | D:8      | Found an ancient bone altar of Kikubaaqudgha.
  8914 | D:8      | Found a shadowy altar of Dithmenos.
  8954 | D:8      | Found a sparkling altar of Nemelex Xobeh.
  9038 | D:8      | Found a hazy altar of Hepliaklqana.
  9204 | D:8      | Reached skill level 12 in Fire Magic
  9437 | D:9      | Offered knowledge of Frozen Ramparts by Vehumet.
  9691 | D:9      | Got a transparent rapier
  9776 | D:9      | Noticed Grum
  9779 | D:9      | Killed Grum
  9782 | D:9      | Reached skill level 1 in Evocations
  9782 | D:9      | Reached *** piety under Vehumet
  9794 | D:9      | Reached skill level 1 in Fighting
 10244 | D:9      | Noticed Gastronok
 10262 | D:9      | Killed Gastronok
 10263 | D:9      | Reached XP level 11. HP: 26/57 MP: 8/28
 10486 | D:10     | Entered Level 10 of the Dungeon
 10511 | D:10     | Offered knowledge of Ignite Poison by Vehumet.
 10546 | D:10     | Reached skill level 13 in Fire Magic
 10644 | D:10     | Noticed a two-headed ogre
 10668 | D:9      | Killed a two-headed ogre
 11128 | D:10     | Found the +3 crown of Dyrovepreva {rElec Int+2 SInv}
 11429 | D:10     | Noticed Psyche
 11435 | D:10     | Killed Psyche
 11942 | D:11     | Identified the +0 robe "Voederemp" {Dex+5} (You found it on
                  | level 6 of the Dungeon)
 12037 | D:11     | Identified the +7 rapier of Kuvoebuf {drain, rC+ Int+2
                  | Dex+5} (You found it on level 9 of the Dungeon)
 12065 | D:11     | Reached skill level 10 in Conjurations
 12065 | D:11     | Reached skill level 14 in Fire Magic
 12094 | D:11     | Reached **** piety under Vehumet
 12119 | D:11     | Offered knowledge of Yara's Violent Unravelling by Vehumet.
 12517 | D:11     | Noticed an unseen horror
 12519 | D:11     | Killed an unseen horror
 12913 | D:11     | Noticed a boulder beetle
 12934 | D:11     | Killed a boulder beetle
 12935 | D:11     | Reached XP level 12. HP: 51/62 MP: 5/30
 12953 | D:11     | Killed from afar by an orc priest

Illustrated notes

Levels and vault maps discovered:
D:1:      saegor_arrival_simple_b, layout_rooms, minmay_shallow_snake_nest
D:2:      layout_basic, overflow_temple_1_default,
          chequers_ecumenical_altar_simple
D:3:      layout_basic, grunt_temple_overflow_cloverleaf, minitemple,
          saegor_snake_ambush
D:4:      minmay_chambers_of_threes, layout_cave_pools, serial_shops, shop,
          nicolae_shop_overgrown_old_shop,
          nicolae_shop_competitors_out_of_business, shop,
          nemelex_diamond_rough_becter, uniq_robin, uniq_crazy_yiuf_cottage,
          uniq_blork_the_orc, uniq_menkaure
D:5:      layout_basic, gup_sewer_entry_pipe, uniq_edmund
D:6:      layout_basic, minmay_temple_entry_slanted, gammafunk_ghost_cemetery,
          kennysheep_slug_shrine
D:7:      minmay_the_grid_triangle_9x9_rhombus_thin
          [minmay_the_grid_triangle_9x9_tough_junction,
          minmay_the_grid_triangle_9x9_prize_schism,
          minmay_the_grid_triangle_9x9_sprig,
          minmay_the_grid_triangle_9x9_alien], layout_cave_pools,
          overflow_temple_1_default, lemuel_doored_altar, uniq_maggie
D:8:      layout_rooms, lemuel_zombie_altar_kikubaaqudgha,
          nicolae_overflow_crystal_walls, old_standard_altar,
          nzn_hepliaklqana_mist_gate, lair_entry_dummy, serial_shops,
          shop_fountains
D:9:      hangedman_cross_stitches, layout_stronghold, uniq_grum, uniq_gastronok
D:10:     layout_basic, kennysheep_generic_room_8, uniq_psyche
D:11:     layout_loops_corners, orc_0_dummy, kennysheep_boxes
Temple:   compressed_dpeg_triangle_lava_temple

Skill      XL: |  1  2  3  4  5  6  7  8  9 10 11 |
---------------+----------------------------------+-----
Fire Magic     | 4 5 6 7 9 11 12 14 | 14.6
Conjurations   | 2 3 4 5 6 7 9 10 | 10.4
Spellcasting   | 4 5 6 8 9 11 12 | 12.5
Stealth        | 3 |  3.0
Dodging        | 3 4 |  4.0
Evocations     | 2 |  2.1
Fighting       | 2 |  2.0

Action                   |  1- 3 |  4- 6 |  7- 9 | 10-12 || total
-------------------------+-------+-------+-------+-------++-------
Melee: Unarmed           |     2 |       |       |       ||     2
       Halberd           |       |       |       |     1 ||     1
       Rapier            |       |       |       |     2 ||     2
 Cast: Foxfire           |   110 |   136 |   409 |   332 ||   987
       Sticky Flame      |       |       |    29 |    19 ||    48
       Conjure Flame     |       |       |     1 |     1 ||     2
       Fireball          |       |       |     5 |    66 ||    71
       Shock             |       |       |       |    34 ||    34
       Magic Dart        |       |       |       |     6 ||     6
Evoke: Wand              |       |       |       |     8 ||     8
  Use: Scroll            |       |       |     9 |     4 ||    13
Armor: Robe              |     2 |     4 |    27 |    16 ||    49
Dodge: Dodged            |     9 |    13 |    86 |    62 ||   170
